omghax, neutral male scurrid Tourist }}}}}}}}}}}}}}}}}}}}}}}}}}}}}}}}}}}}}}}}}}}}}}}}} }}}}}}}}}}}}}}}}}}}}}}}}}}}}}}}}}}}}}}}}}}}}} }}}}}}}}!N}}}}}}.....}}}}}}}}}}}}}}}}}}}}} };}}}}}....}}}}}..Z.}}}}}}}}}}}}}}}}}}} }.e.}}}}}}}}}}}....}}}..}}}}}}}}}}} }...}}}}}}}}}}....}}}}..}}}}}}}} }...}}}}}}}}}}}}}}}}}}}}}}}}}}- }...}}}}}}}}}}}}}}}}}}}}}}}}}.| }....}}}}}...}}}}}}}}}}}}}}...----- }.....}}}}}.}}}}}}}}}}}}}}}.......| }....}}}}}}}}}}}}}}}}}}}}}}...n...| }f..?}}}}}}}}}}}}}}}}}}}}}``.`- }.....}}}}}}}}}}}}}}}}}}}}}}}.| }...`..}}}}}}}}}}}}}}}}}}}}}}}----------------- }}}...}}}}}}} }.@i.<..}}}}}}}...}}}}}}}}}}}}}}}}}.......}}}}}}}}}}..}}}}}}}}}`.....}}}}}} }}....}}}}}}}}}}.....}}}}}}}}}}}}}}.}}}}}}}}}}}}}}}.....}}}}}}..}}}.}}}}}}} }}..}}}}}}}}}}}}}....e}}}}}}}}}}}}}}}}}}}}}}}}}}}}}}..}}}}}}}}}}}}}}}}}}}}} }}}}}}}}}}}}}}}}}....}}}}}}}}}}}}}}}}}}}}}}}..}}..}}}}}}}}}}}}}}}}}}}}}}}}} }}}}}}}}}}}}}}}}}}}}}}}}}}}}}}}}}}}}}}}}}}}}}}}}}}}}}}}}}}}}}}}}}}}}}}}}}}} }}}}}}}}}}}}}}}}}}}}}}}}}}}}}}}}}}}}}}}}}}}}}}}}}}}}}}}}}}}}}}}}}}}}}}}}}}} omghax the Rambler Experience level: 1 Strength: 12 Dexterity: 8 Constitution: 14 Intelligence: 14 Wisdom: 11 Charisma: 16 Health: 0(9) Energy: 2(2) Def: 0 Gold: 537 Moves: 57 Dungeon seed: chC2iJBY2hwitN9z Game ID: omghax_1498614353 Your Inventory: Coins $ - 537 gold pieces Weapons a - 49 uncursed +2 darts (in quiver) Armor e - an uncursed +0 Hawaiian shirt (being worn) Comestibles b - an uncursed cream pie c - 4 uncursed food rations d - 4 uncursed chestnuts f - an uncursed tin of lichen g - 2 uncursed eggs Scrolls i - a blessed scroll of blank paper j - 3 uncursed scrolls of blank paper Potions h - 2 uncursed diluted potions of extra healing o - an uncursed diluted potion of hallucination Wands m - an uncursed rusty wand of secret door detection (0:12) Tools k - an uncursed expensive camera (0:31) l - an uncursed credit card n - an uncursed rusty tin opener Spells and supernatural/magical abilities: Name Level Category Fail Memory W - pray for help -- divine ? -- Your skills at the end: Miscellaneous Skills wands [Basic] Weapon Skills dart [Basic] Spellcasting Skills Final Attributes: You were devoutly aligned. You had infravision. You were very stealthy. You are dead. Voluntary challenges: You went without food. You did not adorn yourself with jewelry or accessories. You did not cause conflict. You were not invisible. You did not have reflection. You were not displaced. You were an atheist. You never hit with a wielded weapon. You were a pacifist. You did not use tools. You did not use plumbed fixtures. You did not drink any magical draughts. You were illiterate. You never genocided any monsters. You never polymorphed an object. You never changed form. You used no wishes. You never split a pudding. You never wrote Elbereth's name. You never violated your personal moral code. Dungeon overview: The Dungeons of Doom: levels 1 to 23 Level 1 a long staircase Level 2 Level 3 Level 4 a general store Level 5 a fountain Level 6 Level 7 Level 8 Level 9 Level 10 Level 11 Level 12 Level 13 Level 14 Level 15 Level 16 Level 17 Level 18 Level 19 Level 20 Level 21 Level 22 Level 23 <- You were here History has recorded: On T:1 you entered the Dungeons of Doom to retrieve the Amulet of Yendor! On T:5 you reached level 2 of The Dungeons of Doom. On T:7 you reached level 3 of The Dungeons of Doom. On T:10 you reached level 4 of The Dungeons of Doom. On T:12 you reached level 5 of The Dungeons of Doom. On T:14 you reached level 6 of The Dungeons of Doom. On T:16 you reached level 7 of The Dungeons of Doom. On T:19 you reached level 8 of The Dungeons of Doom. On T:21 you reached level 9 of The Dungeons of Doom. On T:23 you reached level 10 of The Dungeons of Doom. On T:27 you reached level 11 of The Dungeons of Doom. On T:29 you reached level 12 of The Dungeons of Doom. On T:31 you reached level 13 of The Dungeons of Doom. On T:34 you reached level 14 of The Dungeons of Doom. On T:36 you reached level 15 of The Dungeons of Doom. On T:38 you reached level 16 of The Dungeons of Doom. On T:40 you reached level 17 of The Dungeons of Doom. On T:43 you reached level 18 of The Dungeons of Doom. On T:43 you entered the Rogue tribute level. On T:45 you reached level 19 of The Dungeons of Doom. On T:49 you reached level 20 of The Dungeons of Doom. On T:51 you reached level 21 of The Dungeons of Doom. On T:53 you reached level 22 of The Dungeons of Doom. On T:55 you reached level 23 of The Dungeons of Doom. Score breakdown: Gold: 0 ( 0 points) Experience: 1 level ( 0 points) Exploration: 23 levels ( 660 points) Discoveries: 2 items ( 100 points) Variety of kills: 0 monsters ( 0 points) Major goal: (nothing yet) ( 0 points) Survival: died (score multiplied by 3) Total score: 2280 Latest messages: You continue digging downward. You dig a pit in the floor. You continue digging downward. You dig a hole through the floor. You fall through... You start digging downward. You continue digging downward. You dig a pit in the floor. You continue digging downward. You dig a hole through the floor. You fall through... You start digging downward. You continue digging downward. As you dig, the hole fills with water! You fall into the water! You sink like a rock. Your wand of secret door detection rusts! Your tin opener rusts! You try to crawl out of the water. Pheew! That was close. The quasit claws you! (2x) The quasit's sting was poisoned! You die... Final status: Aloha omghax the Tourist, poisoned by a quasit... You died in The Dungeons of Doom on dungeon level 23 with 2280 points, and 537 pieces of gold, after 57 moves. You were level 1 with a maximum of 9 hit points when you died.